 Dungeon Crawl Stone Soup version 0.19.4 (webtiles) character file.

130 esteth the Chopper (level 4, -2/40 HPs)
             Began as a Deep Dwarf Fighter on Feb 1, 2017.
             Slain by esteth's ghost (6 damage)
             ... on level 3 of the Dungeon.
             The game lasted 00:03:33 (1374 turns).

esteth the Chopper (Deep Dwarf Fighter)             Turns: 1374, Time: 00:03:34

Health: -2/40      AC:  8    Str: 19    XL:     4   Next: 89%
Magic:  4/4        EV:  7    Int:  9    God:
Gold:   103        SH:  9    Dex: 13    Spells: 0 memorised, 3 levels left

rFire  . . .     SeeInvis .     a - +0 war axe
rCold  . . .     Gourm    .     b - +0 scale mail
rNeg   . . .     Faith    .     c - +0 shield
rPois  .         Spirit   .     (no helmet)
rElec  .         Reflect  .     t - +0 cloak
rCorr  .         Harm     .     (no gloves)
MR     .....                    (no boots)
Stlth  ..........               (no amulet)
                                (no ring)
                                (no ring)

@: non-regenerating
A: damage resistance, recharge devices, sense surroundings 1, slow regeneration
3
a: Device Recharging


You were on level 3 of the Dungeon.
You were not hungry.

You visited 1 branch of the dungeon, and saw 3 of its levels.

You collected 103 gold pieces.

Inventory:

Hand Weapons
 a - a +0 war axe (weapon)
Armour
 b - a +0 scale mail (worn)
 c - a +0 shield (worn)
 t - a +0 cloak (worn)
Wands
 e - a wand of heal wounds (4/9)
Scrolls
 g - a scroll of blinking {unknown}
 i - 2 scrolls of recharging {unknown}
 p - a scroll of remove curse {unknown}
 r - a scroll of magic mapping {unknown}
Potions
 d - a potion of might
 j - a potion of flight {unknown}
 m - a potion of haste {unknown}
 n - a potion of degeneration {unknown}
 o - 4 potions of curing {unknown}
 q - a potion of berserk rage {unknown}
 u - a potion of cure mutation {unknown}
Comestibles
 f - 3 bread rations
 h - 6 chunks of flesh
 k - a slice of pizza
 l - a beef jerky
 s - 5 fruits


   Skills:
 - Level 2.6 Fighting
 + Level 5.6 Axes
 - Level 3.2 Armour
 - Level 3.2 Shields


You had 3 spell levels left.
You didn't know any spells.

Dungeon Overview and Level Annotations

Branches:
Dungeon (3/15)

Altars:

Annotations:
D:3 esteth's ghost, amateur DDFi


Innate Abilities, Weirdness & Mutations

You are resistant to damage.
You can recharge devices by infusing magical energy.
You passively map a small area around you.
You do not regenerate.


Message History

The hound is heavily wounded.
The hound bites you but does no damage. You block the hound's attack.
You hit the hound.
The hound is severely wounded.
The hound bites you but does no damage. x2
You slash the hound!
You kill the hound!
You slash esteth's ghost! Esteth's ghost hits you! x2
You hit esteth's ghost.
Esteth's ghost is moderately damaged.
You block esteth's ghost's attack.
You slash esteth's ghost!
Esteth's ghost is heavily damaged.
Esteth's ghost barely misses you.
You hit esteth's ghost but do no damage.
Esteth's ghost is heavily damaged.
Esteth's ghost hits you!
* * * LOW HITPOINT WARNING * * *
Esteth's ghost hits you!
You die...

#.# , #.# *,* ##.##
#...# ####...#### * # *
.........(.## .# *
##..........#####.####.
#.........#....†......
............#.W@..## *
#####...##.##.##### *
#...##.##.# *
#...##.##.# , ###.
..##.#* * , ...... * *
* , #.#* * * , .$# *


You could see esteth's ghost.

Vanquished Creatures
  A hound (D:3)
  Jessica (D:2)
  2 adders (D:2)
  An adder skeleton (D:3)
  2 worms (D:2)
  A dart slug (D:1)
  A leopard gecko (D:2)
  7 bats
  A giant cockroach (D:1)
  7 goblins
  4 hobgoblins (D:1)
  A ball python (D:1)
  6 frilled lizards
  8 kobolds
  5 rats
48 creatures vanquished.

Notes
Turn   | Place    | Note
-------+----------+-------------------------------------------
     0 | D:1      | esteth the Deep Dwarf Fighter began the quest for the Orb.
     0 | D:1      | Reached XP level 1. HP: 20/20 MP: 1/1
   256 | D:1      | Reached skill level 3 in Axes
   260 | D:1      | Reached XP level 2. HP: 25/27 MP: 2/2
   711 | D:2      | Reached XP level 3. HP: 30/33 MP: 3/3
   711 | D:2      | Reached skill level 4 in Axes
  1171 | D:2      | Noticed Jessica
  1182 | D:2      | Killed Jessica
  1182 | D:2      | Reached skill level 5 in Axes
  1182 | D:2      | Reached XP level 4. HP: 20/40 MP: 4/4
  1367 | D:3      | Noticed esteth's ghost (amateur DDFi)
  1374 | D:3      | Slain by esteth's ghost

Skill      XL: |  1  2  3 |
---------------+----------+-----
Axes           | 3 5 |  5.6
Fighting       | |  2.6
Armour         | |  3.2
Shields        | |  3.2

Action                   |  1- 3 |  4- 6 || total
-------------------------+-------+-------++-------
Melee: War axe           |   129 |    30 ||   159
Evoke: Wand              |       |     1 ||     1
  Eat: Chunk             |     1 |     1 ||     2
Armor: Scale mail        |    59 |    11 ||    70
Dodge: Dodged            |    45 |     6 ||    51
Block: Shield            |    60 |    19 ||    79
